 Dungeon Crawl Stone Soup version 0.29.0-11-gd7f09526c8 (webtiles) character file.

Game seed: 2354965202016679440

437 sanka the Cleaver (level 6, 0/48 (51) HPs)
             Began as a Minotaur Berserker on Sept 6, 2022.
             Was a Believer of Trog.
             Slain by a necrophage (1 damage)
             ... on level 5 of the Dungeon.
             The game lasted 00:04:21 (3818 turns).

sanka the Cleaver (Minotaur Berserker)              Turns: 3818, Time: 00:04:21

HP:   0/48 (51)     AC:  9    Str: 21    XL:     6   Next: 69%
MP:   5/5           EV:  8    Int:  4    God:    Trog [**....]
Gold: 200           SH:  0    Dex: 12    Spells: 5/5 levels left

rFire   . . .      SeeInvis .   a - +0 hand axe
rCold   + . .      Faith    .   (no shield)
rNeg    . . .      Spirit   .   x - +0 chain mail
rPois   .          Reflect  .   (helmet restricted)
rElec   .          Harm     .   (no cloak)
rCorr   .          Rampage  .   (no gloves)
Will    ++...                   s - +0 pair of boots
Stlth   ..........              (no amulet)
HPRegen 1.16/turn               (no ring)
MPRegen 0.09/turn               b - ring of protection from cold

@: lethally poisoned (0 -> -4), strong-willed, regenerating, drained
A: horns 2, retaliatory headbutt
a: Renounce Religion, Berserk, Trog's Hand


You were on level 5 of the Dungeon.
You worshipped Trog.
Trog was pleased with you.
You visited 1 branch of the dungeon, and saw 5 of its levels.

You collected 200 gold pieces.


Innate Abilities, Weirdness & Mutations

You have a pair of horns on your head.
You reflexively headbutt those who attack you in melee.


   Skills:
 - Level 3.6 Fighting
 + Level 9.2 Axes
 - Level 2.4 Armour
 - Level 2.1 Dodging


You had 5 spell levels left.
You didn't know any spells.
Your spell library was empty.

Inventory:

Hand Weapons
 a - a +0 hand axe (weapon)
 u - a +5 flail of draining
Armour
 s - a +0 pair of boots (worn)
 x - a +0 chain mail (worn)
Jewellery
 b - a ring of protection from cold (right hand)
Wands
 w - a wand of quicksilver (6)
Scrolls
 d - 2 scrolls of identify {unknown}
 f - a scroll of noise {unknown}
 i - a scroll of immolation {!r}
 m - a scroll of teleportation {unknown}
 o - 5 scrolls of vulnerability {unknown}
 q - a scroll of blinking {unknown}
 r - a scroll of enchant weapon {unknown}
 t - a scroll of poison {unknown}
Potions
 c - 3 potions of heal wounds {unknown}
 e - a potion of haste {unknown}
 g - a potion of mutation {unknown}
 h - 2 potions of attraction {unknown}
 k - a potion of lignification {unknown}
 l - 2 potions of curing {@q1}
 n - 3 potions of degeneration {unknown}
 p - a potion of flight {unknown}
 v - a potion of resistance {unknown}

Dungeon Overview and Level Annotations

Branches:
Dungeon (5/15)
 Temple: D:4-7

Altars:
Elyvilon
Gozag
Kikubaaqudgha
Yredelemnul

Shops:
D:3

* ...... ▒▒......▒▒ ▒
▒ ▒▒. ▒.....▒▒ .▒▒▒
..▒▒.. ▒.....▒▒▒....
......▒ ▒..▒...▒.....
.......▒▒▒...../.....
▒.....▒...n{)....▒
▒........)H)..▒
▒.<.........▒▒
▒............▒
▒.........=..▒..▒
▒......▒▒....▒ ...
.............?......
.................. .
....................
....................


You could see a necrophage.


Message History

* * * LOW HITPOINT WARNING * * *
You feel drained.
* * * LOW HITPOINT WARNING * * *
You hit the necrophage. Your headbutt misses the necrophage.
The necrophage is moderately damaged.
You barely miss something.
You feel very sick. Something hits you but does no damage.
You are lethally poisoned!
The necrophage hits you but does no damage.
You closely miss the necrophage. Your headbutt misses the necrophage.
You punch the necrophage.
The necrophage is moderately damaged.
You barely miss something.
* * * LOW HITPOINT WARNING * * *
You feel very sick.
Unknown command.
You hit the necrophage. Your headbutt misses the necrophage.
The necrophage is heavily damaged.
You completely miss something.
* * * LOW HITPOINT WARNING * * *
You feel very sick. Something hits you but does no damage.
The necrophage hits you.
* * * LOW HITPOINT WARNING * * *
You feel drained.
You die...

Action                   |  1- 3 |  4- 6 || total
-------------------------+-------+-------++-------
Melee: Hand axe          |   104 |    74 ||   178
       Headbutt          |    18 |     7 ||    25
       Punch             |     1 |     1 ||     2
Invok: Berserk           |       |     2 ||     2
       Trog's Hand       |       |     1 ||     1
  Use: Potion            |       |     1 ||     1
Armor: Animal skin       |    16 |       ||    16
       Scale mail        |    16 |    13 ||    29
       Chain mail        |       |    31 ||    31
Dodge: Dodged            |    44 |    31 ||    75

Levels and vault maps discovered:
D:1:      scummos_arrival_checkerplants, layout_loops_ring,
          hellmonk_ecumenical_altar_blasted, minmay_vboxes
D:2:      layout_basic, basic_altar
D:3:      layout_basic, nicolae_gozag_zags_fifth_avenue, chequers_mini_garden,
          chequers_serial_rivers_micro_b, nrook_uturn
D:4:      layout_basic, elyvilon_altar_1, mainiacjoe_overflow_24_doors,
          kennysheep_opposing_triangles, uniq_edmund
D:5:      layout_layer_cave, uniq_duvessa, uniq_ijyb, uniq_eustachio

Notes
Turn   | Place    | Note
-------+----------+-------------------------------------------
     0 | D:1      | sanka the Minotaur Berserker began the quest for the Orb.
     0 | D:1      | Reached XP level 1. HP: 19/19 MP: 0/0
   188 | D:2      | Reached skill level 4 in Axes
   247 | D:1      | Reached XP level 2. HP: 24/26 MP: 1/1
   640 | D:1      | Found a faded altar of an unknown god.
   746 | D:1      | Reached skill level 5 in Axes
   746 | D:1      | Reached ** piety under Trog
   755 | D:1      | Reached XP level 3. HP: 23/31 MP: 2/2
  1471 | D:2      | Found a basalt altar of Yredelemnul.
  1921 | D:3      | Found an opulent altar of Gozag.
  1921 | D:3      | Found Gozag's Platinum Reserve.
  2729 | D:4      | Reached skill level 6 in Axes
  2729 | D:4      | Reached XP level 4. HP: 39/39 MP: 3/3
  2889 | D:4      | Found an ancient bone altar of Kikubaaqudgha.
  3101 | D:4      | Found a white marble altar of Elyvilon.
  3135 | D:4      | Noticed a scorpion
  3140 | D:4      | Killed a scorpion
  3141 | D:4      | Reached skill level 7 in Axes
  3141 | D:4      | Reached XP level 5. HP: 45/45 MP: 4/4
  3196 | D:4      | Noticed Edmund
  3208 | D:4      | Killed Edmund
  3209 | D:4      | Reached skill level 8 in Axes
  3209 | D:4      | Reached XP level 6. HP: 51/51 MP: 5/5
  3754 | D:5      | Entered Level 5 of the Dungeon
  3767 | D:5      | Reached skill level 9 in Axes
  3818 | D:5      | HP: 3/50 [poisoned by an orc wizard]
  3818 | D:5      | HP: 1/50 [necrophage (2)]
  3818 | D:5      | Slain by a necrophage

Vanquished Creatures
  Edmund (D:4)
  A scorpion (D:4)
  A necrophage (D:5)
  2 iguanas (D:4)
  An orc wizard (D:5)
  4 adders
  3 dart slugs
  10 orcs
  3 ball pythons
  4 bats
  8 endoplasms
  2 giant cockroaches
  9 goblins
  2 hobgoblins
  2 jackals (D:1)
  2 quokkas
  2 frilled lizards (D:1)
  7 kobolds
  6 rats
70 creatures vanquished.
